 Dungeon Crawl Stone Soup version 0.19.5 (webtiles) character file.

856 Peloso the Slasher (level 7, -2/60 HPs)
             Began as a Minotaur Fighter on Apr 17, 2017.
             Was a Follower of Okawaru.
             Killed from afar by an electric eel (13 damage)
             ... with a bolt of electricity
             ... on level 6 of the Dungeon.
             The game lasted 00:10:23 (4266 turns).

Peloso the Slasher (Minotaur Fighter)               Turns: 4266, Time: 00:10:24

Health: -2/60      AC: 12    Str: 24    XL:     7   Next: 70%
Magic:  6/6        EV:  9    Int:  5    God:    Okawaru [*.....]
Gold:   283        SH: 11    Dex: 11    Spells: 0 memorised, 6 levels left

rFire  . . .     SeeInvis .     a - +1 long sword
rCold  . . .     Gourm    .     b - +0 scale mail
rNeg   + . .     Faith    .     c - +1 shield
rPois  .         Spirit   .     (helmet restricted)
rElec  .         Reflect  .     r - +0 cloak
rCorr  +         Harm     .     o - +0 pair of gloves
MR     .....     Rnd*Tele +     x - +1 pair of boots of the Hurricane {rN+ rCorr}
Stlth  ..........               (no amulet)
                                G - -2 ring of strength (curse)
                                A - ring of teleportation (curse)

@: mighty
A: retaliatory headbutt, horns 2
a: Heroism, Renounce Religion


You were on level 6 of the Dungeon.
You worshipped Okawaru.
Okawaru was aware of your devotion.
You were not hungry.

You visited 2 branches of the dungeon, and saw 7 of its levels.

You collected 361 gold pieces.
You spent 78 gold pieces at shops.

Inventory:

Hand Weapons
 a - a +1 long sword (weapon)
Armour
 b - a +0 scale mail (worn)
 c - a +1 shield (worn)
 m - a +0 pair of boots
 o - a +0 pair of gloves (worn)
 r - a +0 cloak (worn)
 x - the +1 pair of boots of the Hurricane (worn) {rN+ rCorr}
   (You found it on level 5 of the Dungeon)

   It protects you from negative energy.
   It protects you from acid and corrosion.
Jewellery
 t - an uncursed ring of ice
 u - a +3 ring of strength
 A - a cursed ring of teleportation (left hand)
 B - a cursed ring of teleportation
 E - a +5 ring of dexterity {unknown}
 G - a cursed -2 ring of strength (right hand)
Wands
 y - a wand of digging (15/24)
Scrolls
 e - a scroll of identify
 g - a scroll of fog
 k - 2 scrolls of teleportation
 p - 2 scrolls of amnesia
 w - a scroll of enchant weapon
Potions
 h - a potion of brilliance
 i - a potion of haste
 j - 2 potions of invisibility
 n - a potion of flight {unknown}
 q - a potion of resistance
 s - a potion of heal wounds {unknown}
 C - a potion of magic {unknown}
 F - a potion of curing {unknown}
Comestibles
 f - 3 bread rations
 l - 2 beef jerkies
 v - a slice of pizza
 z - 2 fruits
 D - 2 chunks of flesh


   Skills:
 + Level 4.8 Fighting
 + Level 7.0 Long Blades
 + Level 5.9 Armour
 + Level 2.4 Dodging
 + Level 0.3 Stealth
 + Level 5.9 Shields


You had 6 spell levels left.
You didn't know any spells.

Dungeon Overview and Level Annotations

Branches:
Dungeon (6/15)             Temple (1/1) D:4

Altars:
Ashenzari
Cheibriados
Dithmenos
Elyvilon
Fedhas
Gozag
Hepliaklqana
Kikubaaqudgha
Okawaru
Qazlal
Ru
Sif Muna
Trog
Uskayaw
Vehumet
Xom
Yredelemnul
Zin
The Shining One

Shops:
D:5 *


Innate Abilities, Weirdness & Mutations

You reflexively headbutt those who attack you in melee.
You have a pair of horns on your head.


Message History

Your Long Blades skill increases to level 7!
The electric eel shoots out a bolt of lightning at you!
The bolt of electricity hits you!
The electric eel shoots out a bolt of lightning at you!
The bolt of electricity hits you!
You see here a bullfrog corpse.
The electric eel shoots out a bolt of lightning at you!
The bolt of electricity hits you!
The electric eel shoots out a bolt of lightning at you!
The bolt of electricity hits you!
* * * LOW HITPOINT WARNING * * *
The bolt of electricity hits the plant.
You feel very mighty all of a sudden.
You closely miss the electric eel. Your headbutt misses the electric eel.
Unknown command.
You slash the electric eel!
The electric eel is almost dead.
The electric eel shoots out a bolt of lightning at you!
The bolt of electricity hits you!
You die...

#.♣P≈# ##♣≈P.≈♣♣
#♣≈≈≈♣ #≈≈≈≈.≈≈♣
♣P≈≈≈≈≈♣ ♣♣≈≈≈.≈≈♣
♣≈≈≈≈≈≈♣ ♣≈≈≈.≈P♣
#≈≈≈≈≈≈P♣ ♣♣≈≈P[≈≈♣
#♣≈P≈≈≈≈P≈♣♣♣P≈P≈†≈♣♣
P≈≈≈≈≈≈≈≈≈≈≈≈≈≈≈.P≈#
..♣≈≈≈≈≈≈P≈≈≈P≈≈≈.♣##
................@...#
≈≈≈≈≈≈;≈...#
≈≈≈≈P≈≈P≈≈.....
≈≈≈≈≈≈P≈PP###.#
P≈≈≈≈≈P≈♣## #
≈≈≈≈P≈≈P# ♣≈PP≈≈P##
♣≈≈≈≈≈.


You could see an electric eel.

Vanquished Creatures
  An ice beast (D:5)
  2 ogres (D:5)
  A centaur (D:6)
  A bullfrog (D:6)
  A crimson imp (D:5)
  2 jellies (D:5)
  An orc priest (D:5)
  2 orc wizards
  3 worker ants
  A worker ant zombie (D:5)
  8 adders
  A shadow imp (D:5)
  3 worms
  3 dart slugs
  3 leopard geckos
  6 orcs
  2 giant cockroaches
  14 goblins
  11 hobgoblins
  13 jackals
  A quokka (D:2)
  10 bats
  9 frilled lizards
  4 kobolds
  A leopard gecko skeleton (D:6)
  4 rats
108 creatures vanquished.

Notes
Turn   | Place    | Note
-------+----------+-------------------------------------------
     0 | D:1      | Peloso the Minotaur Fighter began the quest for the Orb.
     0 | D:1      | Reached XP level 1. HP: 19/19 MP: 0/0
    43 | D:1      | Reached XP level 2. HP: 19/27 MP: 1/1
   356 | D:1      | Reached XP level 3. HP: 32/33 MP: 2/2
   885 | D:2      | Reached skill level 3 in Long Blades
  1114 | D:2      | Reached XP level 4. HP: 38/40 MP: 3/3
  1625 | D:3      | Found a stormy altar of Qazlal.
  1626 | D:3      | Found a shattered altar of Ashenzari.
  1626 | D:3      | Found a shadowy altar of Dithmenos.
  1639 | D:3      | Found a glowing silver altar of Zin.
  2235 | D:4      | Reached skill level 4 in Long Blades
  2235 | D:4      | Reached XP level 5. HP: 42/46 MP: 4/4
  2813 | D:4      | Reached skill level 5 in Shields
  2831 | D:4      | Found a staircase to the Ecumenical Temple.
  2862 | D:4      | Reached skill level 1 in Dodging
  2872 | Temple   | Entered the Ecumenical Temple
  2983 | Temple   | Became a worshipper of Warmaster Okawaru
  3045 | D:4      | Found a snail-covered altar of Cheibriados.
  3116 | D:5      | Entered Level 5 of the Dungeon
  3122 | D:5      | Reached skill level 5 in Armour
  3122 | D:5      | Reached XP level 6. HP: 53/53 MP: 5/5
  3141 | D:5      | Found Agumul Toul's General Store.
  3213 | D:5      | Reached skill level 5 in Long Blades
  3504 | D:5      | Got a pair of jewelled boots
  3515 | D:5      | Identified the +1 pair of boots of the Hurricane {rN+ rCorr} (You found it on level 5 of the Dungeon)
  3702 | D:5      | Reached XP level 7. HP: 57/60 MP: 6/6
  3775 | D:5      | Reached * piety under Okawaru
  3775 | D:5      | Reached skill level 6 in Long Blades
  3887 | D:5      | Found a stormy altar of Qazlal.
  3993 | D:5      | Bought 3 scrolls of identify for 78 gold pieces
  4259 | D:6      | Reached skill level 7 in Long Blades
  4266 | D:6      | Killed from afar by an electric eel

Skill      XL: |  1  2  3  4  5  6  7 |
---------------+----------------------+-----
Fighting       | 4 |  4.8
Shields        | 4 5 |  5.9
Armour         | 4 5 |  5.9
Long Blades    | 3 4 5 7 |  7.0
Dodging        | 1 2 |  2.4
Stealth        | |  0.3

Action                   |  1- 3 |  4- 6 |  7- 9 || total
-------------------------+-------+-------+-------++-------
Melee: Long sword        |    89 |   147 |    41 ||   277
       Headbutt          |    14 |    30 |     9 ||    53
  Use: Scroll            |       |     8 |     4 ||    12
       Potion            |       |       |     1 ||     1
  Eat: Chunk             |       |     9 |     2 ||    11
Armor: Scale mail        |    47 |    36 |    11 ||    94
Dodge: Dodged            |    40 |    44 |    14 ||    98
Block: Shield            |    53 |    59 |    24 ||   136
       Rpst.: Long sword |    11 |    11 |     4 ||    26
